[Event "WJCC U20 Open 2019"]
[Site "New Delhi"]
[Date "2019.10.15"]
[Round "1"]
[White "Shtembuliak, Evgeny"]
[Black "Rakesh Kumar Jena"]
[Result "1-0"]
[ECO "D38"]
[WhiteElo "2577"]
[BlackElo "2355"]
[Annotator "ChessBase"]
[PlyCount "187"]
[EventDate "2019.??.??"]
[EventCountry "IND"]
[SourceTitle "playchess.com"]
[Source "ChessBase"]
[SourceQuality "1"]
[TimeControl "40/5400+30:1800+30"]

1. c4 e6 2. Nc3 d5 3. d4 Bb4 4. Nf3 Nf6 5. cxd5 exd5 6. Qa4+ Nc6 7. Bg5 O-O 8. e3 h6 9. Bxf6 Qxf6 10. Be2 Qg6 11. O-O Bh3 12. Ne1 Rfd8 13. Bd3 Bf5 14. Bxf5 Qxf5 15. Rc1 a6 16. Qc2 Qxc2 17. Rxc2 Ne7 18. Nd3 Bd6 19. Na4 b6 20. Rfc1 Rab8 21. a3 a5 22. g3 f6 23. Kg2 Kf7 24. Nc3 c6 25. Ne2 g5 26. g4 h5 27. gxh5 Rh8 28. Ng3 Bxg3 29. hxg3 Rxh5 30. b4 g4 31. bxa5 bxa5 32. Rb2 Rxb2 33. Nxb2 Rh8 34. Nd3 Rb8 35. Rc3 Rb1 36. Nc5 Rb2 37. Kf1 Nf5 38. Rb3 Rxb3 39. Nxb3 a4 40. Na5 Nd6 41. Nxc6 Nc4 42. Nd8+ Ke7 43. Nb7 Nxa3 44. Nc5 Nc4 45. Nxa4 Nd2+ 46. Ke2 Nf3 47. Nc3 Ke6 48. Nb1 Ng5 49. Nd2 f5 50. Nb3 Ne4 51. Nc5+ Kd6 52. Nd3 Ng5 53. Ne5 Ke6 54. Kf1 Ne4 55. Kg2 Nc3 56. Ng6 Nd1 57. Nf4+ Kd6 58. Nh5 Ke6 59. Kf1 Nc3 60. Nf4+ Kd6 61. Nd3 Ne4 62. Kg2 Nc3 63. Nb2 Ne4 64. Kf1 Ke6 65. Ke2 Nc3+ 66. Ke1 Ne4 67. Nd3 Kd6 68. Kd1 Kd7 69. Kc2 Kc6 70. Kb3 Kb5 71. Nb4 Nf6 72. Na2 Kc6 73. Nc3 Ne8 74. Ka4 Nd6 75. Kb4 Ne8 76. Ka5 Nd6 77. Ka6 Nc4 78. Ne2 Nd2 79. Nf4 Ne4 80. Nd3 Nd2 81. Nb4+ Kd6 82. Kb7 Ne4 83. Nd3 Ng5 84. Kc8 Nf7 85. Nf4 Kc6 86. Nh5 Kd6 87. Ng7 Ke7 88. Kc7 Nd6 89. Kc6 Ne4 90. Kxd5 Kf6 91. Nh5+ Kg5 92. Nf4 Nxf2 93. Ke6 Ne4 94. Ne2 1-0

[Event "WJCC U20 Open 2019"]
[Site "New Delhi"]
[Date "2019.10.15"]
[Round "1"]
[White "Vatsal Singhania"]
[Black "Davtyan, Artur"]
[Result "0-1"]
[ECO "C54"]
[WhiteElo "2157"]
[BlackElo "2418"]
[Annotator "NA"]
[PlyCount "197"]
[EventDate "2019.??.??"]
[EventCountry "IND"]
[SourceTitle "playchess.com"]
[Source "ChessBase"]
[SourceQuality "1"]
[TimeControl "40/5400+30:1800+30"]

1. e4 e5 2. Nf3 Nc6 3. Bc4 Bc5 4. O-O Nf6 5. d3 O-O 6. c3 d6 7. Nbd2 a5 8. Re1 Be6 9. Bb5 Qb8 10. Nf1 Qa7 11. Be3 Bxe3 12. Nxe3 Ne7 13. d4 Nxe4 14. Bd3 exd4 15. Bxe4 dxe3 16. Rxe3 Nf5 17. Re2 Rae8 18. Ng5 g6 19. Nxe6 fxe6 20. Qb3 d5 21. Bf3 c6 22. Rae1 Rf6 23. Bg4 Nd6 24. Qc2 Ne4 25. h4 Qc5 26. c4 Rf4 27. Bf3 Ng3 28. Rxe6 Rxe6 29. Rxe6 Kf7 30. Re3 Rxc4 31. Qb3 Rb4 32. Rc3 Qd6 33. Qc2 Nf5 34. g3 Qe5 35. a3 Rd4 36. Qb3 Qe1+ 37. Kg2 Rd2 38. Qxb7+ Ne7 39. Bxd5+ Kg7 40. Rf3 cxd5 41. Qb8 Ng8 42. Qc7+ Kh8 43. Rf7 Qe4+ 44. Kh2 g5 45. hxg5 Rd1 46. f3 Qe2+ 47. Kh3 Rh1+ 48. Kg4 Qxb2 49. Kf5 a4 50. Qe5+ Qxe5+ 51. Kxe5 Ne7 52. Kd6 Re1 53. Rf4 d4 54. Kc5 d3 55. Rd4 Re5+ 56. Kc4 Rxg5 57. Kxd3 Rxg3 58. Ke2 Rg2+ 59. Kd3 Ng6 60. Rxa4 h5 61. Ke3 Kg7 62. f4 Kh6 63. Ra6 Rg3+ 64. Kf2 Rg4 65. Ke3 h4 66. f5 h3 67. Kf3 h2 68. Kxg4 h1=Q 69. Rxg6+ Kh7 70. Kf4 Qc1+ 71. Ke5 Qe3+ 72. Kd5 Qxa3 73. Ke4 Qb4+ 74. Ke5 Qc5+ 75. Ke4 Qe7+ 76. Kf4 Qe2 77. Re6 Qf2+ 78. Kg4 Kg7 79. Rg6+ Kf7 80. Re6 Qg2+ 81. Kf4 Qd5 82. Rg6 Qd4+ 83. Kg5 Qe5 84. Kg4 Qe4+ 85. Kg5 Qf3 86. Rf6+ Ke7 87. Re6+ Kd7 88. Kg6 Qg3+ 89. Kf6 Qg4 90. Ke5 Qf3 91. Rd6+ Kc7 92. Re6 Qg3+ 93. Ke4 Qg4+ 94. Ke5 Qf3 95. Kf6 Kd7 96. Kg5 Qg3+ 97. Kf6 Qh4+ 98. Ke5 Qg3+ 99. Kf6 0-1

[Event "WJCC U20 Open 2019"]
[Site "New Delhi"]
[Date "2019.10.15"]
[Round "1.1"]
[White "Tabatabaei, M.Amin"]
[Black "Aronyak, Ghosh"]
[Result "1/2-1/2"]
[ECO "B39"]
[WhiteElo "2642"]
[BlackElo "2380"]
[Annotator "RC"]
[PlyCount "101"]
[EventDate "2019.10.15"]
[EventType "swiss"]
[EventCountry "IND"]
[SourceTitle "playchess.com"]
[Source "ChessBase"]
[SourceQuality "1"]
[TimeControl "40/5400+30:1800+30"]

1. c4 c5 2. Nf3 Nf6 3. Nc3 g6 4. e4 Bg7 5. d4 cxd4 6. Nxd4 Nc6 7. Be3 Ng4 8. Qxg4 Nxd4 9. Qd1 e5 10. Bd3 d6 11. O-O O-O 12. Qd2 Be6 13. Rfd1 a6 14. b3 Qa5 15. Qb2 Rfc8 16. Rac1 Rc6 17. Nd5 Bxd5 18. cxd5 Rcc8 19. h4 Qd8 20. g3 Qd7 21. Rxc8+ Rxc8 22. Bxd4 exd4 23. Qe2 Rc3 24. Kg2 h5 25. f4 Qc7 26. Rf1 Rc1 27. Rxc1 Qxc1 28. e5 dxe5 29. fxe5 Qe3 30. Qxe3 dxe3 31. e6 Kf8 32. d6 fxe6 33. Bxg6 e2 34. Kf2 Be5 35. Kxe2 Bxg3 36. Bxh5 Bxd6 37. Bf3 b6 38. Kd3 a5 39. h5 Kg7 40. Kc4 Bc5 41. Bg4 Kh6 42. a4 Kg5 43. Bd1 Kh6 44. Kb5 Bg1 45. Bg4 Bf2 46. Bxe6 Kxh5 47. b4 axb4 48. Kxb4 Kg5 49. Kb5 Kf6 50. a5 bxa5 51. Kxa5 1/2-1/2

[Event "WJCC U20 Open 2019"]
[Site "New Delhi"]
[Date "2019.10.15"]
[Round "1.3"]
[White "Aravindh, Chithambaram Vr."]
[Black "Wang, Shixu B"]
[Result "1/2-1/2"]
[ECO "D37"]
[WhiteElo "2609"]
[BlackElo "2370"]
[Annotator "ChessBase"]
[PlyCount "89"]
[EventDate "2019.10.15"]
[EventType "swiss"]
[EventCountry "IND"]
[SourceTitle "playchess.com"]
[Source "ChessBase"]
[SourceQuality "1"]
[TimeControl "40/5400+30:1800+30"]

1. d4 Nf6 2. c4 e6 3. Nf3 d5 4. Nc3 Be7 5. Bf4 O-O 6. a3 b6 7. e3 Bb7 8. cxd5 Nxd5 9. Nxd5 exd5 10. b4 Nd7 11. Bd3 c6 12. Qc2 h6 13. O-O a5 14. b5 c5 15. Bh7+ Kh8 16. Bf5 c4 17. Rfe1 Nf6 18. Ne5 Nh5 19. Bg4 Nxf4 20. exf4 Bf6 21. g3 Qd6 22. Re3 Bc8 23. Bh5 Ra7 24. Rae1 g6 25. Bf3 Bf5 26. Qe2 Rc7 27. Qd2 Kg7 28. h4 h5 29. Bd1 Re7 30. Bc2 Bxc2 31. Qxc2 Rfe8 32. Qe2 Bxe5 33. fxe5 Qd7 34. a4 Qg4 35. Qd2 f6 36. Kg2 fxe5 37. dxe5 Qe6 38. Rf3 Rf8 39. Rf4 Rf6 40. Rxf6 {[%emt 0:13:56] Kf8 Qd4+ Kg7 Re3} Rf7 41. Kf1 Kf8 {[%emt 0:08:33] Ke1 Qf5} 42. f3 {[%emt 0:00:00] Qe6 Kf2} Kg8 {[%emt 0:08:01] Re1 Rc7} 43. Re3 {[%emt 0:00:00] Rf7 Ke2} Kf8 {[%emt 0:00:00] Kd1 Kg8 Kd2 Kf8 Kc3 Kg8} 44. f4 {[%emt 0:00:00] Kf8 Re1} Ke8 {[%emt 0:03:58] Rd1 Qg4 Kc2 Qxg3} 45. Qxd5 {[%emt 0:00:00] Qb3+ Kc1 Qc3+} 1/2-1/2

[Event "WJCC U20 Open 2019"]
[Site "New Delhi"]
[Date "2019.10.15"]
[Round "1.4"]
[White "Raja, Rithvik R"]
[Black "Kollars, Dmitrij"]
[Result "0-1"]
[ECO "E32"]
[WhiteElo "2369"]
[BlackElo "2587"]
[Annotator "ChessBase"]
[PlyCount "98"]
[EventDate "2019.10.15"]
[EventType "swiss"]
[EventCountry "IND"]
[SourceTitle "playchess.com"]
[Source "ChessBase"]
[SourceQuality "1"]
[TimeControl "40/5400+30:1800+30"]

1. d4 Nf6 2. c4 e6 3. Nc3 Bb4 4. Qc2 b6 5. e4 c5 6. d5 Qe7 7. Nge2 exd5 8. exd5 O-O 9. Bg5 d6 10. O-O-O Re8 11. f3 h6 12. Bd2 Nbd7 13. Ng3 Qd8 14. Be2 a6 15. Kb1 Ne5 16. Rhe1 Rb8 17. f4 Neg4 18. Bxg4 Bxg4 19. Rxe8+ Nxe8 20. Re1 Qh4 21. Nce4 Bxd2 22. Qxd2 Bd7 23. f5 b5 24. cxb5 Rxb5 25. f6 g6 26. a3 Nxf6 27. Nxd6 Rb6 28. Nde4 Nxe4 29. Nxe4 Bf5 30. Qe2 Qf6 31. Qc2 Qd4 32. Ka1 Bxe4 33. Rxe4 Qxd5 34. Re8+ Kg7 35. Qc3+ Rf6 36. Rc8 g5 37. g4 Qd1+ 38. Ka2 Qxg4 39. Rxc5 Qe6+ 40. Ka1 Qe4 41. Rc8 Qe6 42. Rc5 Kg8 43. Rc8+ Kh7 44. Qd3+ Kg7 45. Ra8 Qd6 46. Qc4 Qc6 47. Qxc6 Rxc6 48. Ra7 g4 49. b4 h5 0-1

[Event "WJCC U20 Open 2019"]
[Site "New Delhi"]
[Date "2019.10.15"]
[Round "1.6"]
[White "Pogosyan, Stefan"]
[Black "Sargsyan, Shant"]
[Result "0-1"]
[ECO "D37"]
[WhiteElo "2364"]
[BlackElo "2580"]
[Annotator "ChessBase"]
[PlyCount "48"]
[EventDate "2019.10.15"]
[EventType "swiss"]
[EventCountry "IND"]
[SourceTitle "playchess.com"]
[Source "ChessBase"]
[SourceQuality "1"]
[TimeControl "40/5400+30:1800+30"]

1. d4 Nf6 2. c4 e6 3. Nf3 d5 4. Nc3 dxc4 5. e3 a6 6. Bxc4 b5 7. Be2 Bb7 8. O-O Nbd7 9. a3 Bd6 10. b4 O-O 11. Bb2 Qe7 12. Qc2 e5 13. Nd2 exd4 14. exd4 Nb6 15. Nb3 Nbd5 16. Bf3 Rae8 17. Nc5 Ba8 18. Nxd5 Bxd5 19. Bxd5 Nxd5 20. Qb3 Qg5 21. Nd7 Re6 22. Nxf8 Bxh2+ 23. Kxh2 Rh6+ 24. Qh3 Nf4 0-1

[Event "WJCC U20 Open 2019"]
[Site "New Delhi"]
[Date "2019.10.15"]
[Round "1.9"]
[White "Hakobyan, Aram"]
[Black "Eugene, Floryan"]
[Result "1-0"]
[ECO "C72"]
[WhiteElo "2561"]
[BlackElo "2346"]
[Annotator "ChessBase"]
[PlyCount "41"]
[EventDate "2019.10.15"]
[EventType "swiss"]
[EventCountry "IND"]
[SourceTitle "playchess.com"]
[Source "ChessBase"]
[SourceQuality "1"]
[TimeControl "40/5400+30:1800+30"]

1. e4 e5 2. Nf3 Nc6 3. Bb5 a6 4. Ba4 d6 5. O-O Bg4 6. h3 h5 7. c3 Qf6 8. d3 Nge7 9. hxg4 hxg4 10. Ng5 Qh6 11. f4 Qh4 12. Qb3 f6 13. Qxb7 Kd7 14. fxe5 dxe5 15. d4 fxg5 16. d5 Qh2+ 17. Kf2 Rh6 18. dxc6+ Ke6 19. Bb3+ Kf6 20. Qxa8 Rh8 21. Qe8 1-0

[Event "WJCC U20 Open 2019"]
[Site "New Delhi"]
[Date "2019.10.15"]
[Round "1.10"]
[White "Miciano, John Marvin"]
[Black "Santos Ruiz, Miguel"]
[Result "0-1"]
[ECO "C54"]
[WhiteElo "2345"]
[BlackElo "2560"]
[Annotator "ChessBase"]
[PlyCount "115"]
[EventDate "2019.10.15"]
[EventType "swiss"]
[EventCountry "IND"]
[SourceTitle "playchess.com"]
[Source "ChessBase"]
[SourceQuality "1"]
[TimeControl "40/5400+30:1800+30"]

1. e4 e5 2. Nf3 Nc6 3. Bc4 Bc5 4. c3 Nf6 5. d3 d6 6. h3 a5 7. a4 Ne7 8. O-O O-O 9. Bg5 Ng6 10. d4 Bb6 11. dxe5 dxe5 12. Qe1 h6 13. Be3 Nd7 14. Nbd2 Qf6 15. g3 Bxe3 16. Qxe3 Nb6 17. h4 Nxc4 18. Nxc4 Be6 19. Nfd2 Rfd8 20. Rfd1 Rd7 21. Qe2 b6 22. Ne3 Rad8 23. Ndf1 Nf8 24. Qc2 Qe7 25. Rxd7 Rxd7 26. Rd1 Qc5 27. Rxd7 Nxd7 28. Nd2 Qc6 29. b4 h5 30. Kf1 f6 31. Ke1 Kf7 32. Ke2 Nb8 33. bxa5 bxa5 34. Qb2 Nd7 35. Qb5 Qxc3 36. Nec4 Qc2 37. Ke3 Nb6 38. Nxb6 cxb6 39. f4 Qc3+ 40. Qd3 Qxd3+ 41. Kxd3 exf4 42. gxf4 Ke7 43. Nb1 Bd7 44. Nc3 Kd6 45. Kd4 Bc6 46. Kc4 Bd7 47. Kd4 Be8 48. Kc4 g5 49. fxg5 fxg5 50. hxg5 h4 51. Kd4 h3 52. Ne2 h2 53. Ng3 Bxa4 54. Ke3 Bb3 55. g6 a4 56. Kd4 a3 57. Kc3 Bg8 58. Kd4 {Ke5+} 0-1

[Event "WJCC U20 Open 2019"]
[Site "New Delhi"]
[Date "2019.10.15"]
[Round "1.14"]
[White "Neelash, Saha"]
[Black "Visakh, N R"]
[Result "0-1"]
[ECO "A40"]
[WhiteElo "2334"]
[BlackElo "2529"]
[Annotator "ChessBase"]
[PlyCount "56"]
[EventDate "2019.10.15"]
[EventType "swiss"]
[EventCountry "IND"]
[SourceTitle "playchess.com"]
[Source "ChessBase"]
[SourceQuality "1"]
[TimeControl "40/5400+30:1800+30"]

1. d4 Nf6 2. c4 e6 3. g3 d5 4. Nf3 Bb4+ 5. Bd2 Bd6 6. Nc3 c6 7. Qc2 Nbd7 8. e4 Nxe4 9. Nxe4 dxe4 10. Qxe4 Nf6 11. Qc2 b6 12. Bg2 Bb7 13. O-O-O Qe7 14. Rhe1 O-O 15. Bg5 h6 16. Bxf6 Qxf6 17. Ne5 Bxe5 18. dxe5 Qe7 19. c5 Qxc5 20. Qxc5 bxc5 21. Rd7 Rab8 22. Red1 a5 23. Rc7 Ba6 24. Rxc6 Bb7 25. Rd7 Bxc6 26. Bxc6 Rfd8 27. Ra7 Rb4 28. b3 c4 0-1

[Event "WJCC U20 Open 2019"]
[Site "New Delhi"]
[Date "2019.10.15"]
[Round "1.15"]
[White "Lobanov, Sergei"]
[Black "Jablonicky, Martin"]
[Result "1-0"]
[ECO "C42"]
[WhiteElo "2516"]
[BlackElo "2333"]
[Annotator "ChessBase"]
[PlyCount "75"]
[EventDate "2019.10.15"]
[EventType "swiss"]
[EventCountry "IND"]
[SourceTitle "playchess.com"]
[Source "ChessBase"]
[SourceQuality "1"]
[TimeControl "40/5400+30:1800+30"]

1. e4 e5 2. Nf3 Nf6 3. Nxe5 d6 4. Nf3 Nxe4 5. Nc3 Nxc3 6. dxc3 Be7 7. Be3 Nd7 8. Qd2 O-O 9. O-O-O Nf6 10. Kb1 c5 11. Bd3 Qa5 12. Rhe1 Be6 13. c4 Qxd2 14. Bxd2 Rfe8 15. Ng5 Bd7 16. Ne4 Bc6 17. a3 Nxe4 18. Bxe4 Bxe4 19. Rxe4 f5 20. Re2 Bf6 21. Rxe8+ Rxe8 22. Be3 Re6 23. g3 g5 24. Rd5 f4 25. gxf4 gxf4 26. Bxf4 Re1+ 27. Ka2 Re2 28. Kb3 b5 29. cxb5 c4+ 30. Ka4 c3 31. b4 Rxf2 32. Bg5 Be5 33. Kb3 Re2 34. Rd3 Rxh2 35. Be3 Rh3 36. Bxa7 Rxd3 37. cxd3 h5 38. d4 1-0

[Event "WJCC U20 Open 2019"]
[Site "New Delhi"]
[Date "2019.10.15"]
[Round "1.16"]
[White "Sterck, Arno"]
[Black "Iniyan, P."]
[Result "0-1"]
[ECO "D71"]
[WhiteElo "2331"]
[BlackElo "2509"]
[Annotator "RC"]
[PlyCount "96"]
[EventDate "2019.10.15"]
[EventType "swiss"]
[EventCountry "IND"]
[SourceTitle "playchess.com"]
[Source "ChessBase"]
[SourceQuality "1"]
[TimeControl "40/5400+30:1800+30"]

1. d4 Nf6 2. c4 g6 3. g3 Bg7 4. Bg2 c5 5. d5 d6 6. Nc3 O-O 7. Nf3 e6 8. O-O exd5 9. cxd5 Re8 10. Bf4 a6 11. a4 Ne4 12. Nxe4 Rxe4 13. Nd2 Rb4 14. Ne4 f5 15. Ng5 Be5 16. Bxe5 dxe5 17. Qc1 Qd6 18. Rd1 a5 19. Ne6 b6 20. h4 Ra7 21. h5 Bxe6 22. dxe6 Rd4 23. e3 Rxd1+ 24. Qxd1 Qc7 25. Bd5 Kg7 26. e4 f4 27. Qg4 Nc6 28. Bxc6 Qxc6 29. Rd1 Qxe4 30. Qh4 h6 31. hxg6 Qf3 32. Re1 fxg3 33. fxg3 Qf6 34. Qh5 Qxe6 35. Qxe5+ Qxe5 36. Rxe5 Rd7 37. Re6 Rd1+ 38. Kg2 Rd2+ 39. Kh3 Rxb2 40. Kg4 b5 41. axb5 Rxb5 42. Rc6 c4 43. Kf4 a4 44. Rxc4 Ra5 45. Rc2 a3 46. Ra2 Kxg6 47. g4 Ra8 48. Kg3 Kg5 0-1

[Event "WJCC U20 Open 2019"]
[Site "New Delhi"]
[Date "2019.10.15"]
[Round "1.17"]
[White "Khanin, Semen"]
[Black "Garidmagnai, Byambasuren"]
[Result "1-0"]
[ECO "B19"]
[WhiteElo "2507"]
[BlackElo "2327"]
[Annotator "ChessBase"]
[PlyCount "95"]
[EventDate "2019.10.15"]
[EventType "swiss"]
[EventCountry "IND"]
[SourceTitle "playchess.com"]
[Source "ChessBase"]
[SourceQuality "1"]
[TimeControl "40/5400+30:1800+30"]

1. e4 c6 2. d4 d5 3. Nd2 dxe4 4. Nxe4 Bf5 5. Ng3 Bg6 6. h4 h6 7. Nf3 Nd7 8. h5 Bh7 9. Bd3 Bxd3 10. Qxd3 e6 11. Bd2 Ngf6 12. O-O-O Bd6 13. Ne4 Nxe4 14. Qxe4 Nf6 15. Qe2 Bc7 16. g4 Qd5 17. c4 Qe4 18. Qxe4 Nxe4 19. Be3 O-O-O 20. Ne5 Rhf8 21. f3 Nf6 22. Kc2 Bxe5 23. dxe5 Rxd1 24. Rxd1 Nd7 25. Bd4 b6 26. Rg1 Rh8 27. Kd3 Kd8 28. Ke4 Ke7 29. Rd1 Rd8 30. f4 Nxe5 31. Kxe5 c5 32. Bxc5+ bxc5 33. Rxd8 f6+ 34. Ke4 Kxd8 35. f5 Kd7 36. fxe6+ Kxe6 37. a3 a5 38. b3 Kd6 39. Kd3 Ke5 40. Kc3 f5 41. gxf5 Kxf5 42. b4 axb4+ 43. axb4 cxb4+ 44. Kxb4 g5 45. hxg6 Kxg6 46. c5 Kf6 47. Kb5 Ke7 48. Kb6 1-0

[Event "WJCC U20 Open 2019"]
[Site "New Delhi"]
[Date "2019.10.15"]
[Round "1.18"]
[White "Nitish, Belurkar"]
[Black "Kuybokarov, Temur"]
[Result "1/2-1/2"]
[ECO "C54"]
[WhiteElo "2311"]
[BlackElo "2501"]
[Annotator "ChessBase"]
[PlyCount "111"]
[EventDate "2019.10.15"]
[EventType "swiss"]
[EventCountry "IND"]
[SourceTitle "playchess.com"]
[Source "ChessBase"]
[SourceQuality "1"]
[TimeControl "40/5400+30:1800+30"]

1. e4 e5 2. Nf3 Nc6 3. Bc4 Bc5 4. c3 Nf6 5. d4 exd4 6. e5 d5 7. Bb5 Ne4 8. cxd4 Bb6 9. Nc3 O-O 10. Be3 Bg4 11. h3 Bh5 12. Qc2 Ba5 13. O-O Bxf3 14. gxf3 Ng5 15. Kg2 Bxc3 16. bxc3 f5 17. Bxc6 bxc6 18. Bxg5 Qxg5+ 19. Kh2 Qf4+ 20. Kg2 Rae8 21. Qc1 Qh4 22. Rh1 Re6 23. f4 g5 24. Qe3 gxf4 25. Qf3 Rg6+ 26. Kh2 h5 27. Rag1 Rg4 28. Qxf4 Kf7 29. Rxg4 hxg4 30. Kg1 Kg6 31. hxg4 Qxg4+ 32. Qxg4+ fxg4 33. Rh4 Rf4 34. Rh8 c5 35. Rg8+ Kf7 36. Rc8 cxd4 37. cxd4 Rxd4 38. Rxc7+ Ke6 39. Rxa7 Rd2 40. a4 d4 41. Kg2 Ra2 42. Ra8 Kxe5 43. Kg3 d3 44. Rd8 Ke4 45. Re8+ Kd4 46. Rd8+ Kc3 47. Rc8+ Kd2 48. Kxg4 Rxa4+ 49. Kg5 Ra5+ 50. Kf6 Ra4 51. Ke5 Ke2 52. Rd8 d2 53. f4 Ke3 54. Rxd2 Kxd2 55. f5 Ke3 56. f6 {[%emt 0:00:07] Ke4+ Kxe4} 1/2-1/2

[Event "WJCC U20 Open 2019"]
[Site "New Delhi"]
[Date "2019.10.15"]
[Round "1.20"]
[White "Risting, Eivind Olav"]
[Black "Arjun, Kalyan"]
[Result "1/2-1/2"]
[ECO "D45"]
[WhiteElo "2289"]
[BlackElo "2483"]
[Annotator "ChessBase"]
[PlyCount "60"]
[EventDate "2019.10.15"]
[EventType "swiss"]
[EventCountry "IND"]
[SourceTitle "playchess.com"]
[Source "ChessBase"]
[SourceQuality "1"]
[TimeControl "40/5400+30:1800+30"]

1. d4 d5 2. c4 c6 3. Nc3 Nf6 4. e3 e6 5. Nf3 Nbd7 6. Qc2 Bd6 7. Bd3 O-O 8. O-O dxc4 9. Bxc4 b5 10. Be2 a6 11. Ng5 Qc7 12. e4 Bxh2+ 13. Kh1 c5 14. e5 cxd4 15. exf6 Nxf6 16. f4 Bg3 17. Rf3 h6 18. Rxg3 hxg5 19. Rh3 dxc3 20. fxg5 cxb2 21. Qxc7 bxa1=Q 22. gxf6 Qxf6 23. Bd3 e5 24. Bh7+ Kh8 25. Bf5+ Kg8 26. Bh7+ Kh8 27. Bf5+ Kg8 28. Bh7+ Kh8 29. Bf5+ Kg8 30. Bh7+ Kh8 1/2-1/2

[Event "WJCC U20 Open 2019"]
[Site "New Delhi"]
[Date "2019.10.15"]
[Round "1.21"]
[White "Karthik, Venkataraman"]
[Black "Zlatin, Alexander"]
[Result "0-1"]
[ECO "C78"]
[WhiteElo "2478"]
[BlackElo "2263"]
[Annotator "ChessBase"]
[PlyCount "112"]
[EventDate "2019.10.15"]
[EventType "swiss"]
[EventCountry "IND"]
[SourceTitle "playchess.com"]
[Source "ChessBase"]
[SourceQuality "1"]
[TimeControl "40/5400+30:1800+30"]

1. e4 e5 2. Nf3 Nc6 3. Bb5 a6 4. Ba4 Nf6 5. O-O b5 6. Bb3 Bc5 7. c3 d6 8. d4 Bb6 9. a4 Bg4 10. Bg5 Rb8 11. axb5 axb5 12. d5 Ne7 13. h3 Bd7 14. Nbd2 Ng6 15. Bc2 O-O 16. Re1 h6 17. Be3 Bxe3 18. Rxe3 Nf4 19. Kh2 g5 20. Ne1 Kh8 21. Kg1 g4 22. h4 N6h5 23. g3 Nh3+ 24. Kg2 Qf6 25. Nd3 Rg8 26. Qf1 N5f4+ 27. gxf4 exf4 28. Rxh3 gxh3+ 29. Kh1 f3 30. Qd1 Qxh4 31. Qxf3 h2 32. Qf4 Rg4 33. Qxh2 Rbg8 34. Nf3 Qf6 35. Bd1 Rxe4 36. Nde1 Bg4 37. Ng2 h5 38. Nd2 Re5 39. Ne3 Bxd1 40. Rxd1 Reg5 41. f4 R5g7 42. Nf3 Re8 43. Nd2 Reg8 44. Nf3 Re8 45. Nc2 Qf5 46. Rd4 Qg4 47. Nce1 Re3 48. f5 Qxf5 49. Rf4 Qxd5 50. Qh4 Re8 51. Ng2 Qd1+ 52. Kh2 Qc2 53. Ng5 Qg6 54. Rg4 f6 55. Nf4 Qc2+ 56. Kg1 Qd1+ 0-1

[Event "WJCC U20 Open 2019"]
[Site "New Delhi"]
[Date "2019.10.15"]
[Round "1.23"]
[White "Vykouk, Jan"]
[Black "Aaryan, Varshney"]
[Result "0-1"]
[ECO "B35"]
[WhiteElo "2468"]
[BlackElo "2239"]
[Annotator "ChessBase"]
[PlyCount "130"]
[EventDate "2019.10.15"]
[EventType "swiss"]
[EventCountry "IND"]
[SourceTitle "playchess.com"]
[Source "ChessBase"]
[SourceQuality "1"]
[TimeControl "40/5400+30:1800+30"]

1. e4 c5 2. Nc3 Nc6 3. Nge2 g6 4. d4 cxd4 5. Nxd4 Bg7 6. Be3 Nf6 7. Bc4 O-O 8. Bb3 d6 9. f3 Nxd4 10. Bxd4 Be6 11. Qd2 Qa5 12. Bxe6 fxe6 13. O-O-O b5 14. Kb1 b4 15. Ne2 Rfc8 16. h4 Rc6 17. a3 Rb8 18. Nc1 Ra6 19. Na2 bxa3 20. Qxa5 Rxa5 21. b4 Ra4 22. c3 a5 23. Kc2 axb4 24. Nxb4 Nd7 25. Bxg7 Kxg7 26. Ra1 Nc5 27. Ra2 Na6 28. Nxa6 Rxa6 29. Rha1 Rab6 30. Kd3 Rb2 31. g3 Rf8 32. Ke3 Rxa2 33. Rxa2 Ra8 34. Kd4 Kf6 35. Kc4 g5 36. hxg5+ Kxg5 37. Kd3 h5 38. Ke3 e5 39. Kf2 h4 40. Kg2 hxg3 41. Kxg3 Ra4 42. Kf2 e6 43. Ke3 d5 44. exd5 exd5 45. Ke2 Kf4 46. Kf2 Ra7 47. Ke2 Ra8 48. Kf2 e4 49. fxe4 dxe4 50. c4 e3+ 51. Ke2 Ke4 52. c5 Kd4 53. c6 Kc3 54. Kxe3 Kb3 55. Ra1 Kb2 56. Rh1 Rc8 57. Rh2+ Kb3 58. Rh7 Rxc6 59. Rb7+ Kc2 60. Ra7 Rc3+ 61. Kd4 Kb2 62. Ra8 Rb3 63. Rg8 a2 64. Rg2+ Ka3 65. Rg1 Rb1 0-1

[Event "WJCC U20 Open 2019"]
[Site "New Delhi"]
[Date "2019.10.15"]
[Round "1.24"]
[White "Saurabh, Anand"]
[Black "Janik, Igor"]
[Result "1/2-1/2"]
[ECO "B35"]
[WhiteElo "2236"]
[BlackElo "2467"]
[Annotator "ChessBase"]
[PlyCount "62"]
[EventDate "2019.10.15"]
[EventType "swiss"]
[EventCountry "IND"]
[SourceTitle "playchess.com"]
[Source "ChessBase"]
[SourceQuality "1"]
[TimeControl "40/5400+30:1800+30"]

1. e4 c5 2. Nf3 Nc6 3. Nc3 g6 4. d4 cxd4 5. Nxd4 Bg7 6. Be3 Nf6 7. Bc4 O-O 8. Bb3 d6 9. f3 Nxd4 10. Bxd4 Be6 11. Qd2 Qa5 12. O-O-O b5 13. Kb1 Bxb3 14. cxb3 Rfc8 15. g4 b4 16. Ne2 Qb5 17. h4 a5 18. h5 a4 19. bxa4 Qxa4 20. b3 Qa3 21. h6 Bh8 22. Rc1 Nd7 23. Rxc8+ Rxc8 24. Bxh8 Kxh8 25. Qd4+ f6 26. Qd5 Ne5 27. f4 Qa6 28. Nc1 Nxg4 29. Qf7 Nxh6 30. Rxh6 Rxc1+ 31. Kxc1 Qf1+ 1/2-1/2

[Event "WJCC U20 Open 2019"]
[Site "New Delhi"]
[Date "2019.10.15"]
[Round "1.25"]
[White "Costachi, Mihnea"]
[Black "Wagh, Suyog"]
[Result "1/2-1/2"]
[ECO "D37"]
[WhiteElo "2463"]
[BlackElo "2229"]
[Annotator "ChessBase"]
[PlyCount "60"]
[EventDate "2019.10.15"]
[EventType "swiss"]
[EventCountry "IND"]
[SourceTitle "playchess.com"]
[Source "ChessBase"]
[SourceQuality "1"]
[TimeControl "40/5400+30:1800+30"]

1. d4 Nf6 2. c4 e6 3. Nf3 d5 4. Nc3 dxc4 5. e3 a6 6. Bxc4 b5 7. Bb3 Bb7 8. O-O c5 9. e4 Be7 10. e5 Ne4 11. Nxe4 Bxe4 12. Qe2 Bb7 13. dxc5 Nd7 14. Be3 Nxc5 15. Rfd1 Qb8 16. Bxc5 Bxc5 17. Ng5 Be7 18. h4 O-O 19. Nxh7 Kxh7 20. Qh5+ Kg8 21. Bc2 f5 22. exf6 Rxf6 23. Qh7+ Kf8 24. Qh8+ Kf7 25. Qh5+ Kf8 26. Qh8+ Kf7 27. Qh5+ Kf8 28. Qh8+ Kf7 29. Qh5+ Kf8 30. Qh8+ Kf7 1/2-1/2

[Event "WJCC U20 Open 2019"]
[Site "New Delhi"]
[Date "2019.10.15"]
[Round "1.27"]
[White "Rahul, Srivatshav P"]
[Black "Donoso Diaz, Sebastian"]
[Result "1-0"]
[ECO "A04"]
[WhiteElo "2460"]
[BlackElo "2203"]
[Annotator "ChessBase"]
[PlyCount "59"]
[EventDate "2019.10.15"]
[EventType "swiss"]
[EventCountry "IND"]
[SourceTitle "playchess.com"]
[Source "ChessBase"]
[SourceQuality "1"]
[TimeControl "40/5400+30:1800+30"]

1. Nf3 c5 2. g3 Nc6 3. Bg2 g6 4. O-O Bg7 5. e4 e5 6. c3 Nge7 7. d3 d5 8. exd5 Nxd5 9. Nbd2 O-O 10. Re1 b6 11. Nc4 Re8 12. Ng5 f6 13. Qb3 Nce7 14. Ne4 Be6 15. f4 h6 16. a4 Nf5 17. fxe5 fxe5 18. a5 Rb8 19. axb6 Nxb6 20. Nxc5 Nxc4 21. Nxe6 Qxd3 22. Nc5 Rxb3 23. Nxd3 Kh8 24. Bd5 Nfd6 25. Rxa7 e4 26. Nf4 g5 27. Nh5 Bf8 28. Nf6 Re7 29. Rxe7 Bxe7 30. Nxe4 1-0